 Dungeon Crawl Stone Soup version 0.23.2 (webtiles) character file.

Game seed: 17544635397371569269

112 Marnok the Ruffian (level 4, -1/40 HPs)
             Began as a Ghoul Monk on Apr 6, 2019.
             Slain by a kobold (3 damage)
             ... on level 3 of the Dungeon.
             The game lasted 00:08:15 (2189 turns).

Marnok the Ruffian (Ghoul Monk)                     Turns: 2189, Time: 00:08:16

Health: -1/40      AC: 13    Str: 14    XL:     4   Next: 93%
Magic:  3/3        EV:  4    Int:  6    God:
Gold:   137        SH:  0    Dex: 11    Spells: 3/3 levels left

rFire    . . .     SeeInvis .     - Unarmed
rCold    + . .     Gourm    .   (no shield)
rNeg     + + +     Faith    .   j - +0 plate armour
rPois    ∞         Spirit   .   (no helmet)
rElec    .         Reflect  .   (no cloak)
rCorr    .         Harm     .   (no gloves)
MR       .....                  e - +2 pair of boots
Stlth    ..........             (no amulet)
HPRegen  0.00/turn              (no ring)
MPRegen  0.08/turn              (no ring)

@: rotting
A: rotting body, claws 1, carnivore, cold resistance 1, negative energy
resistance 3, inhibited regeneration, torment resistance, unbreathing
a: no special abilities


You were on level 3 of the Dungeon.
You were not hungry.

You visited 1 branch of the dungeon, and saw 3 of its levels.

You collected 137 gold pieces.

Inventory:

Hand Weapons
 f - a +2 long sword of pain
Armour
 a - a +0 robe
 e - a +2 pair of boots (worn)
 j - a +0 plate armour (worn)
Jewellery
 m - an uncursed ring of see invisible {unknown}
Scrolls
 d - 3 scrolls of remove curse
 i - a scroll of amnesia
 k - 2 scrolls of identify
Potions
 g - 2 potions of mutation
Comestibles
 b - 6 rations


   Skills:
 + Level 3.8 Fighting
 + Level 3.4 Dodging
 + Level 3.0 Stealth
 + Level 4.6 Unarmed Combat


You had 3 spell levels left.
You didn't know any spells.
Your spell library was empty.

Dungeon Overview and Level Annotations

Branches:
Dungeon (3/15)

Altars:
Fedhas


Innate Abilities, Weirdness & Mutations

Your body is rotting away.
You thrive on raw meat.
You are immune to poison.
You have sharp fingernails.
You are carnivorous and can eat meat at any time.
Your flesh is cold resistant. (rC+)
You are immune to negative energy. (rN+++)
You do not regenerate when monsters are visible.
You are immune to unholy pain and torment.
You can survive without breathing.


Message History

You see here a stone.
The kobold throws a stone.
The stone hits you but does no damage.
You see here a stone.
Found 15 gold pieces.
The giant cockroach waves its antennae.
Found a stone staircase leading down.
Okay, then.
You feel better. The gnoll hits you but does no damage.
You are electrocuted!
* * * LOW HITPOINT WARNING * * *
Okay, then.
You scratch the gnoll.
The gnoll is moderately wounded.
The giant cockroach bites you but does no damage.
The gnoll barely misses you.
You closely miss the gnoll.
The gnoll is moderately wounded.
The giant cockroach completely misses you.
The gnoll hits you but does no damage. The rat bites you but does no damage.
The kobold hits you.
You die...

##### #...#
#.#♣#...###########
#g.'...#.........# .$#
#...#.........# ...#
#...#.........##...#
#...#.........#....#
#######...#......K..#....#
..........#.....@s.......#
.....(#####.....rg......#
##..K............Jg.#...#
##..######...#........#>#
.#..# ##.....#.##K.# .#.##
##...#.#...(.#.#
.g.#######....#.###..##.#
.......#...##......J.##.###
...###......##..###.......#


You could see 2 gnolls, an ooze, a giant cockroach, 2 kobolds and a rat.

Vanquished Creatures
  2 gnolls (D:3)
  3 adders
  3 worms (D:2)
  2 dart slugs
  2 leopard geckos (D:1)
  An orc (D:3)
  A ball python (D:1)
  9 bats
  3 giant cockroaches (D:1)
  2 hobgoblins
  4 kobolds
  5 frilled lizards
  8 goblins
  9 rats
54 creatures vanquished.

Vanquished Creatures (others)
  A bat (D:2)
  A frilled lizard (D:2)
2 creatures vanquished.

Grand Total: 56 creatures vanquished

Notes
Turn   | Place    | Note
-------+----------+-------------------------------------------
     0 | D:1      | Marnok the Ghoul Monk began the quest for the Orb.
     0 | D:1      | Reached XP level 1. HP: 19/19 MP: 0/0
   317 | D:1      | Reached XP level 2. HP: 26/26 MP: 1/1
   656 | D:1      | Reached XP level 3. HP: 31/33 MP: 2/2
  1243 | D:2      | Reached skill level 4 in Unarmed Combat
  1414 | D:2      | Found a blossoming altar of Fedhas.
  1437 | D:2      | Reached XP level 4. HP: 33/40 MP: 3/3
  2187 | D:3      | HP: 2/40 [gnoll/+1 whip of electrocution (8)]
  2189 | D:3      | Slain by a kobold

Skill      XL: |  1  2  3  4 |
---------------+-------------+-----
Dodging        | 3 |  3.4
Unarmed Combat | 4 |  4.6
Stealth        | 3 |  3.0
Fighting       | |  3.8

Action                   |  1- 3 |  4- 6 || total
-------------------------+-------+-------++-------
Melee: Unarmed           |   121 |    71 ||   192
       Punch             |       |     2 ||     2
  Use: Potion            |     1 |     1 ||     2
       Scroll            |     5 |     3 ||     8
 Stab: Sleeping          |     5 |     2 ||     7
  Eat: Chunk             |     3 |     4 ||     7
Armor: Robe              |    39 |     9 ||    48
       Plate armour      |       |    39 ||    39
Dodge: Dodged            |    80 |    23 ||   103
